[Event "The Kvibergspelen 2023"]
[Site "Kviberg Park Hotel & Conference, Krutvagen 2, Gothenburg, Sweden"]
[Date "2023.09.17"]
[Round "8.4"]
[White "Larkin, Vladyslav"]
[Black "Olsson, William"]
[Result "1-0"]
[TimeControl "15 minutes + 5 seconds per move from move one (Round 1 - 4) / 90 minutes + 30 seconds per move from move one (Round 5 - 8)"]
[WhiteTitle "IM"]
[BlackTitle "FM"]
[WhiteFideId "14152894"]
[BlackFideId "1741721"]
[WhiteElo "2464"]
[BlackElo "2376"]

1. Nf3 d5 2. e3 Nf6 3. c4 c6 4. Nc3 Nbd7 5. Qc2 e6 6. b3 Bd6 7. Bb2 O-O 8. Be2 e5 9. cxd5 cxd5 10.
Nb5 Bb8 11. Rc1 e4 12. Nfd4 Nb6 13. Nc7 Bxc7 14. Qxc7 Qxc7 15. Rxc7 Rd8 16. O-O Ne8 17. Rc5 Bd7 18. Ra5 Nd6 19.
Rc1 a6 20. Ba3 Nf5 21. Nxf5 Bxf5 22. Rc7 Rd7 23. Rac5 Rad8 24. Bb4 Rxc7 25. Rxc7 Rd7 26. Rc5 Rd6 27. Rc3 Rg6 28. Rc7 d4 29.
Bh5 Rf6 30. Bc5 dxe3 31. dxe3 g6 32. Be2 Nd5 33. Rxb7 Rc6 34. b4 Be6 35. a3 Nc3 36. Bf1 Nb1 37. Rb8+ Kg7 38. a4 Nd2 39.
Be2 Nb3 40. Bf8+ Kf6 41. h3 a5 42. bxa5 Nxa5 43. Bb5 Rc1+ 44. Kh2 Ke5 45. Rd8 Nb7 46. Bg7+ Kf5 47. Ra8 g5 48. Bd4 Rc8 49.
g4+ Kg6 50. Rxc8 Bxc8 51. Bc6 f5 52. Kg3 Nd6 53. Be5 Nc4 54. Bc3 Kf7 55. gxf5 1-0

[Event "The Kvibergspelen 2023"]
[Site "Kviberg Park Hotel & Conference, Krutvagen 2, Gothenburg, Sweden"]
[Date "2023.09.17"]
[Round "8.5"]
[White "Akesson, Ralf"]
[Black "Falkevall, Axel"]
[Result "1/2-1/2"]
[TimeControl "15 minutes + 5 seconds per move from move one (Round 1 - 4) / 90 minutes + 30 seconds per move from move one (Round 5 - 8)"]
[WhiteTitle "GM"]
[BlackTitle "FM"]
[WhiteFideId "1700120"]
[BlackFideId "1735560"]
[WhiteElo "2410"]
[BlackElo "2276"]

1. Nf3 Nf6 2. c4 g6 3. Nc3 Bg7 4. e4 d6 5. d4 O-O 6. Be2 e5 7. Be3 Ng4 8. Bg5 f6 9. Bh4 g5 10.
Bg3 Nh6 11. d5 Nd7 12. h4 g4 13. Nh2 f5 14. exf5 Nc5 15. O-O e4 16. Bxg4 Nxf5 17. Bxf5 Bxf5 18. Ng4 Qe7 19. Ne3 Bd7 20.
Qd2 Bf6 21. b4 Nd3 22. Rab1 Bxh4 23. Nxe4 Qxe4 24. f3 Rxf3 25. Rxf3 Ne5 26. Bxe5 Qxb1+ 27. Rf1 Qe4 28. Bb2 Bg5 29.
Ng4 Qxg4 30. Qc3 Be3+ 31. Qxe3 Re8 32. Qc3 Re5 33. c5 Bf5 34. Rf3 Qe4 35. cxd6 cxd6 36. Rf1 1/2-1/2

[Event "The Kvibergspelen 2023"]
[Site "Kviberg Park Hotel & Conference, Krutvagen 2, Gothenburg, Sweden"]
[Date "2023.09.17"]
[Round "8.6"]
[White "Hansen, Lars"]
[Black "Hansen, Sune Berg"]
[Result "0-1"]
[TimeControl "15 minutes + 5 seconds per move from move one (Round 1 - 4) / 90 minutes + 30 seconds per move from move one (Round 5 - 8)"]
[BlackTitle "GM"]
[WhiteFideId "1402528"]
[BlackFideId "1400266"]
[WhiteElo "2188"]
[BlackElo "2512"]

1. Nf3 Nf6 2. b3 g6 3. Bb2 Bg7 4. e3 O-O 5. Be2 c5 6. O-O b6 7. c4 Bb7 8. Nc3 Nc6 9. Qc2 e6 10. Rad1 Qe7 11. Qb1 d6 12. Rfe1 Rab8 13. d4 Ne8 14.
Rd2 a6 15. Na4 Nd8 16. Red1 Bc6 17. Nc3 Ba8 18. a3 f5 19. b4 cxd4 20. Nxd4 Nf7 21. Qa2 e5 22. Nf3 Nf6 23. Ne1 Rfd8 24.
Bf3 e4 25. Be2 Rd7 26. a4 Bb7 27. a5 bxa5 28. Qxa5 Rc8 29. Na4 Rdd8 30. c5 f4 31. cxd6 Nxd6 32. Nc5 fxe3 33. fxe3 Bh6 34.
Rxd6 Bxe3+ 35. Kh1 Rxd6 36. Rxd6 Qxd6 37. Nxb7 Qd2 38. b5 Qxe2 39. Qa2+ Rc4 0-1

[Event "The Kvibergspelen 2023"]
[Site "Kviberg Park Hotel & Conference, Krutvagen 2, Gothenburg, Sweden"]
[Date "2023.09.17"]
[Round "8.7"]
[White "Thorn, Eric"]
[Black "Nordenbaek, Jan"]
[Result "1-0"]
[TimeControl "15 minutes + 5 seconds per move from move one (Round 1 - 4) / 90 minutes + 30 seconds per move from move one (Round 5 - 8)"]
[WhiteTitle "FM"]
[WhiteFideId "1710729"]
[BlackFideId "1401475"]
[WhiteElo "2390"]
[BlackElo "2163"]

1. d4 Nf6 2. c4 g6 3. Nc3 Bg7 4. e4 d6 5. Nf3 O-O 6. Be2 e5 7. d5 a5 8. Bg5 h6 9. Be3 Na6 10.
Nd2 Nc5 11. h4 Ne8 12. h5 f5 13. hxg6 f4 14. Bxc5 dxc5 15. Nf3 Nd6 16. Qd2 Bd7 17. O-O-O Qe8 18. Nh4 Ra6 19. g4 fxg3 20. fxg3 Qe7 21.
Rdf1 Raa8 22. Kc2 Rxf1 23. Rxf1 Rf8 24. Rxf8+ Qxf8 25. Qe3 b6 26. g4 Qf4 27. Qxf4 exf4 28. Kd3 a4 29. Nf5 Be5 30. a3 Be8 31.
Nxh6+ Kg7 32. Nf7 Bxc3 33. bxc3 Kxg6 34. Nxd6 cxd6 35. e5 Kg5 36. exd6 Bg6+ 37. Kd2 Be8 38. Ke1 Kf6 39. Kf2 Ke5 40.
Kf3 b5 41. cxb5 Kxd5 42. Kxf4 1-0

[Event "The Kvibergspelen 2023"]
[Site "Kviberg Park Hotel & Conference, Krutvagen 2, Gothenburg, Sweden"]
[Date "2023.09.17"]
[Round "8.8"]
[White "Strom-Engdahl, Alexander"]
[Black "Jacobsen, Mikkel Manosri"]
[Result "1/2-1/2"]
[TimeControl "15 minutes + 5 seconds per move from move one (Round 1 - 4) / 90 minutes + 30 seconds per move from move one (Round 5 - 8)"]
[BlackTitle "FM"]
[WhiteFideId "1741586"]
[BlackFideId "1444514"]
[WhiteElo "2164"]
[BlackElo "2313"]

1. e4 c5 2. Nf3 Nf6 3. e5 Nd5 4. Nc3 e6 5. Bc4 Nb6 6. d3 d5 7. exd6 Bxd6 8. O-O O-O 9. Re1 Nc6 10.
Ne4 Be7 11. c3 Nxc4 12. dxc4 Qxd1 13. Rxd1 e5 14. Be3 b6 15. Nd6 Bg4 16. h3 Be6 17. b3 h6 18. g4 Rfd8 19. Nb5 Rdc8 20.
Nd6 Rc7 21. Kf1 Kh7 22. Ke2 g6 23. Nb5 Rb7 24. Nd6 Rd7 25. Nb5 Rad8 26. Rxd7 Rxd7 27. Rd1 Rxd1 28. Kxd1 Bd8 29. Nh2 a6 30.
Na3 Bc7 31. Ke2 e4 32. Nf1 f5 33. gxf5 gxf5 34. f4 exf3+ 35. Kxf3 Ne5+ 36. Ke2 Ng6 37. Nd2 f4 38. Bf2 Bxh3 39.
b4 Bg4+ 40. Kf1 h5 41. bxc5 bxc5 42. Ne4 Kh6 43. Nxc5 h4 44. Nxa6 Be5 45. Nc5 h3 46. Kg1 f3 47. Nd3 Bb8 48. Nc2 Bf5 49. Nce1 Kh5 50. a4 Ne5 51. Nxe5 Bxe5 52. Nxf3 Bxc3 53. c5 Bd7 54.
Bd4 Ba5 55. Ne5 Bxa4 56. Kh2 Kh4 57. Bf2+ Kg5 58. Kxh3 Kf5 59. Nc4 Bc7 60. Bg3 Bxg3 61. Kxg3 Ke4 62. Na5 Kd5 63. c6 Bxc6 64.
Nxc6 Kxc6 1/2-1/2

[Event "The Kvibergspelen 2023"]
[Site "Kviberg Park Hotel & Conference, Krutvagen 2, Gothenburg, Sweden"]
[Date "2023.09.17"]
[Round "8.9"]
[White "Poley, Vladimir"]
[Black "Pedersen, Daniel Vesterbaek"]
[Result "0-1"]
[TimeControl "15 minutes + 5 seconds per move from move one (Round 1 - 4) / 90 minutes + 30 seconds per move from move one (Round 5 - 8)"]
[WhiteTitle "IM"]
[BlackTitle "FM"]
[WhiteFideId "13500090"]
[BlackFideId "1402161"]
[WhiteElo "2284"]
[BlackElo "2163"]

1. Nf3 c5 2. g3 Nf6 3. Bg2 d5 4. O-O e6 5. b3 Be7 6. Bb2 Nc6 7. e3 b5 8. c4 bxc4 9. bxc4 O-O 10.
d3 Rb8 11. Ne5 Rxb2 12. Nxc6 Qd7 13. Nxe7+ Qxe7 14. Nd2 Rb4 15. Qc2 Ba6 16. cxd5 exd5 17. Rfc1 Rc8 18. Bh3 Rc7 19. Qc3 d4 20.
exd4 Rxd4 21. Bf1 h6 22. Nb3 Rd5 23. Rc2 Qd6 24. d4 c4 25. Nc5 Bb5 26. a4 Rxd4 27. axb5 Qxc5 28. b6 axb6 29.
Ra8+ Kh7 30. Re2 b5 31. Rb8 Rd6 32. Re5 Rd5 33. Re3 Rd6 34. Re5 Rd5 35. Re3 Qd6 36. Qc2+ g6 37. Qc3 Re7 38. Rxe7 Qxe7 39. Qb2 Qe5 40.
Qxe5 Rxe5 41. Rc8 Ne4 42. Rc7 Kg7 43. f4 Rc5 44.
Re7 Nd2 0-1

[Event "The Kvibergspelen 2023"]
[Site "Kviberg Park Hotel & Conference, Krutvagen 2, Gothenburg, Sweden"]
[Date "2023.09.17"]
[Round "8.10"]
[White "Fransson, Angelina"]
[Black "Cederstam, Carl"]
[Result "0-1"]
[TimeControl "15 minutes + 5 seconds per move from move one (Round 1 - 4) / 90 minutes + 30 seconds per move from move one (Round 5 - 8)"]
[BlackTitle "FM"]
[WhiteFideId "1712632"]
[BlackFideId "1713329"]
[WhiteElo "1982"]
[BlackElo "2232"]

1. e4 c5 2. Nf3 d6 3. Bb5+ Nc6 4.
c3 Nf6 5. O-O g5 6. d4 g4 7. Nfd2 Bd7 8. e5 dxe5 9. Bxc6 Bxc6 10. dxe5 Qd5 11. Nf3 gxf3 12. exf6 Qh5 13. Bf4 Bh6 14.
Qe1 O-O-O 15. Qe5 Qxe5 16. Bxe5 fxg2 17. Re1 Rhe8 18. Na3 Bd2 19. Red1 exf6 20. Bxf6 Rd5 21. Nc4 Bf4 22. Bh4 Re4 23.
Na5 Rxd1+ 24. Rxd1 Bxh2+ 25. Kxg2 Rxh4+ 26. Nxc6 bxc6 27. Rh1 Kd7 28. Rxh2 Rxh2+ 29. Kxh2 Ke6 30. Kg3 Kf5 31. Kf3 f6 32.
b3 Ke5 33. Ke3 a6 34. a4 h6 35. Kd3 Kf4 36. Kc4 h5 37. Kxc5 h4 38. Kxc6 h3 39. Kb6 h2 40. c4 h1=Q 41.
b4 Qa8 42. c5 Ke5 43. f3 Kd5 44. Ka5 Kc6 45. f4 Qd8+ 0-1

[Event "The Kvibergspelen 2023"]
[Site "Kviberg Park Hotel & Conference, Krutvagen 2, Gothenburg, Sweden"]
[Date "2023.09.17"]
[Round "8.11"]
[White "Reimanis, Ritvars"]
[Black "Lundstedt, Peter"]
[Result "1-0"]
[TimeControl "15 minutes + 5 seconds per move from move one (Round 1 - 4) / 90 minutes + 30 seconds per move from move one (Round 5 - 8)"]
[WhiteTitle "IM"]
[WhiteFideId "11602988"]
[BlackFideId "1718444"]
[WhiteElo "2361"]
[BlackElo "2099"]

1. d4 d5 2. Nf3 Nf6 3. c4 e6 4. Nc3 Be7 5. Bf4 O-O 6. e3 Nbd7 7. a3 c5 8. cxd5 Nxd5 9. Nxd5 exd5 10.
Be2 c4 11. O-O Nf6 12. b3 cxb3 13. Qxb3 Nh5 14. Be5 f6 15. Bg3 Nxg3 16. hxg3 Rb8 17. Ne1 Be6 18. Nd3 Bf7 19. Rfc1 Qd7 20.
a4 Rfc8 21. Qb5 Qd8 22. Rxc8 Qxc8 23. Rc1 Qd8 24. Bf3 a6 25. Qb3 b5 26. Nf4 g5 27. Bxd5 gxf4 28. Bxf7+ Kg7 29. Bh5 fxg3 30.
fxg3 bxa4 31. Qxa4 Qd5 32. Qd1 Qg5 33. Qg4 Qxg4 34. Bxg4 Rb2 35. Rc7 Kf8 36. Rc6 a5 37. Ra6 Ra2 38.
Kf1 a4 39. Be6 Ra1+ 40. Kf2 a3 41. g4 Rd1 42. Ke2 Rg1 43. Bd5 Rb1 44. Kf3 Rf1+ 45. Ke4 Re1 46. Kd3 Rd1+ 47. Ke2 Rc1 48. Be4 h6 49. Bd5 Rc2+ 50.
Kd3 Rb2 51. g3 Rf2 52. Be4 Rb2 53. Bf5 Rb1 54. Kc4 Re1 55. e4 Rc1+ 56. Kd5 Kf7 57. Be6+ Kg7 58. Ra7 Kf8 59. Bd7 Kf7 60.
Bb5 Rc2 61. Ra8 Bb4 62. Ra7+ Be7 63. Bc4 Kf8 64. Ra4 Rb2 65. Ke6 Rb6+ 66. Kf5 Kg7 67. Ra7 Kf8 68. Be6 Rb5+ 69. d5 Rb2 70.
Kg6 Bc5 71. Ra5 Bb4 72. Ra7 Bc5 73. Rc7 a2 74. d6 Bxd6 75. Ra7 Bb8 76. Ra8 Ke7 77. Bxa2 Bxg3 78. Ra7+ Kd6 79. Kxf6 Rf2 80. Kg6 Bf4 81.
Bd5 Bg5 82. Ra6+ Ke5 83. Re6+ Kd4 84. Bc6 Rf1 85. Rd6+ Ke5 86. Rd5+ Ke6 87. Bd7+ Ke7 88. Bf5 Ra1 89. Rd7+ Ke8 90.
e5 Ra5 91. e6 Be3 92. Kg7 Ra7 93. Bg6# 1-0

[Event "The Kvibergspelen 2023"]
[Site "Kviberg Park Hotel & Conference, Krutvagen 2, Gothenburg, Sweden"]
[Date "2023.09.17"]
[Round "8.12"]
[White "Hamark, Jesper"]
[Black "Bjorkman, Filip"]
[Result "1-0"]
[TimeControl "15 minutes + 5 seconds per move from move one (Round 1 - 4) / 90 minutes + 30 seconds per move from move one (Round 5 - 8)"]
[WhiteFideId "1704338"]
[BlackFideId "1734970"]
[WhiteElo "2342"]
[BlackElo "2077"]

1. e4 c5 2. Nc3 Nc6 3. Bb5 g6 4. Bxc6 dxc6 5. d3 e5 6. f4 exf4 7. Bxf4 Bg7 8. Nf3 Ne7 9. Qd2 h6 10.
O-O-O Be6 11. Be5 O-O 12. Bxg7 Kxg7 13. Qf4 Qb8 14. Qe3 b6 15. Rhg1 Rd8 16. g4 c4 17. dxc4 Qc7 18. b3 Rxd1+ 19. Nxd1 Rd8 20. Nc3 Qd6 21. h3 Qa3+ 22. Kb1 Qa5 23. e5 b5 24. Kb2 bxc4 25. Nd4 Qb6 26. Rd1 Nd5 27. Nxe6+ fxe6 28.
Qxb6 axb6 29. bxc4 1-0

[Event "The Kvibergspelen 2023"]
[Site "Kviberg Park Hotel & Conference, Krutvagen 2, Gothenburg, Sweden"]
[Date "2023.09.17"]
[Round "8.13"]
[White "Wahlund, Max"]
[Black "Nygren, Kim"]
[Result "1-0"]
[TimeControl "15 minutes + 5 seconds per move from move one (Round 1 - 4) / 90 minutes + 30 seconds per move from move one (Round 5 - 8)"]
[WhiteTitle "CM"]
[BlackTitle "CM"]
[WhiteFideId "1741861"]
[BlackFideId "1706136"]
[WhiteElo "2065"]
[BlackElo "2171"]

1. d4 Nf6 2. c4 e5 3. dxe5 Ne4 4. a3 b6 5. Nf3 Bb7 6. Qc2 Bc5 7. e3 a5 8. b3 O-O 9. Bb2 Ng5 10.
Nbd2 Ne6 11. Bd3 h6 12. O-O Nc6 13. Rfd1 Qe7 14. Ne4 Rad8 15. h4 d6 16. exd6 Bxd6 17. Nxd6 Rxd6 18. Bh7+ Kh8 19.
Rxd6 cxd6 20. Bf5 Ne5 21. Nxe5 dxe5 22. Be4 Bc8 23. g3 f5 24. Bg2 Nc5 25. Rd1 e4 26. Bd4 Kh7 27. b4 axb4 28.
axb4 Nd3 29. Bxb6 Qxb4 30. Rb1 Qe7 31. Bd4 f4 32. exf4 g5 33. hxg5 Bf5 34. Bf6 Qa7 35. Rb5 Ne1 36.
Qb1 1-0

[Event "The Kvibergspelen 2023"]
[Site "Kviberg Park Hotel & Conference, Krutvagen 2, Gothenburg, Sweden"]
[Date "2023.09.17"]
[Round "8.14"]
[White "Frisk, Ellinor"]
[Black "Eriksson, Kristian"]
[Result "1-0"]
[TimeControl "15 minutes + 5 seconds per move from move one (Round 1 - 4) / 90 minutes + 30 seconds per move from move one (Round 5 - 8)"]
[WhiteTitle "WIM"]
[WhiteFideId "1708481"]
[BlackFideId "1705172"]
[WhiteElo "2166"]
[BlackElo "2038"]

1. c4 e5 2. e3 Nf6 3. Nc3 Nc6 4. Nf3 Bb4 5. Qc2 O-O 6. Nd5 Re8 7. Qf5 d6 8. Nxf6+ Qxf6 9. Qxf6 gxf6 10.
a3 Bc5 11. b4 Bb6 12. Bb2 a5 13. b5 Ne7 14. d4 c5 15. d5 Bf5 16. a4 Bg6 17. h4 h5 18. Nd2 Bd8 19. f3 Nf5 20.
Kf2 Be7 21. Be2 Nh6 22. g4 Kh8 23. e4 b6 24. Rag1 hxg4 25. fxg4 Bh7 26. g5 Ng8 27. Bg4 fxg5 28. hxg5 Kg7 29.
Bf5 Bg6 30. Nf3 Bd8 31. Ke3 Ne7 32. Bd7 Rg8 33. Nxe5 dxe5 34. Bxe5+ Kf8 35. d6 Nc8 36. Kf4 f6 37. gxf6 Bf7 38.
Bc6 Rxg1 39. Rxg1 Ra7 40. d7 Ne7 41. Bd6 1-0

[Event "The Kvibergspelen 2023"]
[Site "Kviberg Park Hotel & Conference, Krutvagen 2, Gothenburg, Sweden"]
[Date "2023.09.17"]
[Round "8.15"]
[White "Galvan Cipriani, Viviana"]
[Black "Ljung, Harald"]
[Result "0-1"]
[TimeControl "15 minutes + 5 seconds per move from move one (Round 1 - 4) / 90 minutes + 30 seconds per move from move one (Round 5 - 8)"]
[WhiteTitle "WFM"]
[WhiteFideId "32041144"]
[BlackFideId "1738178"]
[WhiteElo "2010"]
[BlackElo "2164"]

1. c4 Nf6 2. Nc3 g6 3. g3 Bg7 4. Bg2 O-O 5. e4 d6 6. Nge2 c5 7. O-O Nc6 8. d3 Bd7 9. h3 Qc8 10.
Kh2 h5 11. f4 a6 12. Be3 Rb8 13. Rc1 Qd8 14. d4 cxd4 15. Nxd4 Nxd4 16. Bxd4 b5 17. e5 dxe5 18. Bxe5 h4 19.
g4 Rc8 20. Rc2 Be6 21. Rd2 Qa5 22. cxb5 axb5 23. a3 Rfd8 24. Rff2 Rxd2 25. Rxd2 Qb6 26. Qe1 b4 27. axb4 Qxb4 28.
Qxh4 Nxg4+ 29. hxg4 Bxe5 30. Kg1 Qxf4 31. Re2 Bd4+ 32. Kh1 Bxc3 33. bxc3 Rxc3 34. Re1 Qg3 35. Qxg3 Rxg3 36. Ra1 Rxg4 37.
Ra7 Kf8 38. Kh2 Rd4 39. Kg3 Rd7 40. Ra8+ Kg7 41. Re8 Kf6 42. Kf4 Bf5 43. Bc6 Rc7 44. Bd5 e6 45. Bg2 Rc3 0-1

[Event "The Kvibergspelen 2023"]
[Site "Kviberg Park Hotel & Conference, Krutvagen 2, Gothenburg, Sweden"]
[Date "2023.09.17"]
[Round "8.16"]
[White "Kashwan, Hassan"]
[Black "Ollen, Martin"]
[Result "0-1"]
[TimeControl "15 minutes + 5 seconds per move from move one (Round 1 - 4) / 90 minutes + 30 seconds per move from move one (Round 5 - 8)"]
[WhiteFideId "137122555"]
[BlackFideId "1718983"]
[WhiteElo "1901"]
[BlackElo "2143"]

1. d4 Nf6 2. c4 g6 3. Nc3 d5 4. Nf3 Bg7 5. h3 O-O 6. e3 c5 7. cxd5 Nxd5 8. Qb3 Nxc3 9. bxc3 Nc6 10.
Be2 Na5 11. Qd1 Be6 12. O-O Rc8 13. Nd2 a6 14. Ba3 cxd4 15. cxd4 b5 16. Bb4 Nc4 17. Bxc4 Bxc4 18. Nxc4 Rxc4 19.
Qd2 Qd7 20. Rac1 Rfc8 21. Bc5 R8xc5 22. Rcd1 Rc8 23. d5 Qd6 24. Qe2 Rc2 25. Qg4 h5 26. Qe4 Rxa2 27. Rc1 Rxc1 28. Rxc1 Ra1 0-1

[Event "The Kvibergspelen 2023"]
[Site "Kviberg Park Hotel & Conference, Krutvagen 2, Gothenburg, Sweden"]
[Date "2023.09.17"]
[Round "8.17"]
[White "Jarlskov, Daniel Tuk Hartso"]
[Black "Jogstad, Daniel"]
[Result "1/2-1/2"]
[TimeControl "15 minutes + 5 seconds per move from move one (Round 1 - 4) / 90 minutes + 30 seconds per move from move one (Round 5 - 8)"]
[BlackTitle "CM"]
[WhiteFideId "1463896"]
[BlackFideId "1718959"]
[WhiteElo "2038"]
[BlackElo "2137"]

1. d4 d5 2. c4 c6 3. Nf3 Nf6 4. g3 dxc4 5. Bg2 Nbd7 6. O-O e6 7. a4 Be7 8. Nbd2 O-O 9. Nxc4 c5 10.
e3 Nb6 11. Qe2 Bd7 12. Nfe5 Qc7 13. a5 Nxc4 14. Qxc4 Rac8 15. Nxd7 Qxd7 16. Rd1 Rfd8 17. Qb3 Rc7 18. Bf3 Qc8 19.
dxc5 Rxd1+ 20. Qxd1 Bxc5 21. Bd2 Be7 22. Bc3 Ne8 23. Bd4 Bc5 24. Bxc5 Rxc5 25. Qd4 e5 26.
Qb4 Nd6 27. Rd1 Qc7 28. Bxb7 Nxb7 29. Qxb7 g6 30. Qa8+ Kg7 31. b4 Rb5 32. Qe4 Qe7 33. Rb1 Qc7 34. h4 h5 35. Kh2 Qc3 36.
Kg2 Qd2 37. Qc4 a6 38. Rb3 Qd6 39. Kh2 Qd2 40. Kg2 Qd6 41. Qc3 Qd5+ 42. f3 Qd1 43. Rb2 Qd6 44. e4 Qd1 45. Kh2 Qf1 46.
f4 Kh7 47. fxe5 Rb7 48. Qc6 Rxb4 49. Rxb4 Qf2+ 50. Kh3 Qf1+ 51. Kh2 Qe2+ 52. Kh3 Qf1+ 53. Kh2 1/2-1/2

[Event "The Kvibergspelen 2023"]
[Site "Kviberg Park Hotel & Conference, Krutvagen 2, Gothenburg, Sweden"]
[Date "2023.09.17"]
[Round "8.18"]
[White "Tripathi, Pratyush"]
[Black "Holm, Ragnar"]
[Result "1/2-1/2"]
[TimeControl "15 minutes + 5 seconds per move from move one (Round 1 - 4) / 90 minutes + 30 seconds per move from move one (Round 5 - 8)"]
[WhiteFideId "1763121"]
[BlackFideId "1505858"]
[WhiteElo "1735"]
[BlackElo "2128"]

1. d4 d5 2. c4 e6 3. Nf3 Nf6 4. Nc3 c6 5. e3 Nbd7 6. Be2 Bd6 7. O-O O-O 8. b3 dxc4 9. bxc4 e5 10.
Qc2 Re8 11. Rd1 Qe7 12. Bb2 e4 13. Nd2 Nf8 14. Nf1 Bf5 15. a4 h5 16. Qb3 h4 17. Ba3 h3 18. Ng3 Bg6 19. gxh3 Bxa3 20.
Qxa3 Qe6 21. Bf1 Bh5 22. Nce2 Bxe2 23. Nxe2 1/2-1/2

[Event "The Kvibergspelen 2023"]
[Site "Kviberg Park Hotel & Conference, Krutvagen 2, Gothenburg, Sweden"]
[Date "2023.09.17"]
[Round "8.19"]
[White "Lindholm, Gustav"]
[Black "Hagevi, Vidar"]
[Result "1/2-1/2"]
[TimeControl "15 minutes + 5 seconds per move from move one (Round 1 - 4) / 90 minutes + 30 seconds per move from move one (Round 5 - 8)"]
[WhiteFideId "1736515"]
[BlackFideId "1767526"]
[WhiteElo "2102"]
[BlackElo "2037"]

1. d4 Nf6 2. c4 e6 3. Nf3 d5 4. Nc3 dxc4 5. e4 b5 6. Bg5 a6 7. a4 b4 8. Na2 h6 9. Bxf6 Qxf6 10.
Bxc4 Bb7 11. Qe2 c5 12. dxc5 Bxc5 13. Nc1 O-O 14. Nb3 Bb6 15. O-O Nc6 16. Rad1 Ne5 17. Nxe5 Qxe5 18. Rfe1 a5 19.
Nc1 Rfd8 20. Nd3 Qg5 21. b3 Rd4 22. Qf3 Rad8 23. Nb2 Rxd1 24. Nxd1 Qd2 25. Kf1 Qc2 26. Ne3 Qxe4 27. Qxe4 Bxe4 28.
Rd1 Rxd1+ 29. Nxd1 Bc2 30. Nb2 g5 31. f3 Kg7 32. Nd3 Kf6 33. Ke2 h5 34. Kd2 Bxd3 35. Kxd3 Ke5 36. h3 Kf4 37. Ke2 Bc5 38. Bb5 h4 39. Bc4 Bb6 40. Bb5 f5 41.
Bc4 e5 42. Bd5 e4 43. fxe4 fxe4 44. Be6 Kg3 45. Kf1 Bc5 46. Bg4 e3 47. Bf3 Bb6 48. Bg4 Bc5 1/2-1/2

[Event "The Kvibergspelen 2023"]
[Site "Kviberg Park Hotel & Conference, Krutvagen 2, Gothenburg, Sweden"]
[Date "2023.09.17"]
[Round "8.20"]
[White "Dingertz, Erik"]
[Black "Morell, Ludvig"]
[Result "1-0"]
[TimeControl "15 minutes + 5 seconds per move from move one (Round 1 - 4) / 90 minutes + 30 seconds per move from move one (Round 5 - 8)"]
[WhiteFideId "1741578"]
[BlackFideId "1736779"]
[WhiteElo "2140"]
[BlackElo "2001"]

1. d4 d5 2. c4 e6 3. Nf3 Nf6 4.
g3 Be7 5. Bg2 O-O 6. O-O dxc4 7. Qc2 a6 8. Qxc4 b5 9. Qc2 Bb7 10. Bd2 Qc8 11. Rc1 Bd6 12. Bg5 Be4 13. Qd1 Nbd7 14.
Nbd2 Bb7 15. Bxf6 Nxf6 16. Nb3 Bd5 17. a3 a5 18. Nc5 Bxc5 19. Rxc5 Nd7 20. Rc3 Qb7 21. Qc2 Ra7 22. Ng5 f5 23.
Bxd5 Qxd5 24. Rxc7 Rxc7 25. Qxc7 h6 26. Nf3 g5 27. Rc1 f4 28. g4 h5 29. h3 hxg4 30. hxg4 Rf7 31. Qd8+ 1-0